 Dungeon Crawl Stone Soup version 0.32-a0-666-ge8a88695a4 (webtiles) character file.

Game seed: 8341560514067724630

5427 cforsyth the Scholar of Death (level 10, 0/94 HPs)
             Began as a Mountain Dwarf Necromancer on Mar 10, 2024.
             Was a Follower of Kikubaaqudgha.
             Slain by a two-headed ogre
             ... wielding a +0 giant spiked club
              (20 damage)
             ... on level 9 of the Dungeon.
             The game lasted 00:32:13 (14551 turns).

cforsyth the Scholar of Death (MDNe)               Turns: 14551, Time: 00:32:14

Health: 0/94       AC: 14    Str: 14    XL:     10   Next: 40%
Magic:  12/12      EV:  4    Int: 17    God:    Kikubaaqudgha [*.....]
Gold:   400        SH:  0    Dex: 10    Spells: 7/12 levels left

rFire   . . .        a - +1 short sword (venom)
rCold   + . .        (no shield)
rNeg    . . .        g - +0 plate armour
rPois   .            r - +0 helmet
rElec   .            l - +0 cloak
rCorr   .            (no gloves)
SInv    +            (no boots)
Will    +....        (no amulet) Stlth
                     C - ring of protection from cold
HPRegen 0.35/turn    v - ring of see invisible
MPRegen 0.13/turn

%: no passive effects
@: animating dead, studying Evocations
A: runic magic, artefact enchanting
a: Renounce Religion, Unearth Wretches


You were on level 9 of the Dungeon.
You worshipped Kikubaaqudgha.
Kikubaaqudgha was aware of your devotion.
You visited 2 branches of the dungeon, and saw 10 of its levels.

You collected 508 gold pieces.
You spent 108 gold pieces at shops.


Innate Abilities, Weirdness & Mutations

Your spellcasting is much less encumbered by armour.
You can use scrolls of enchantment on lesser artefacts.


   Skills:
 + Level 10.9 Fighting
 + Level 5.1 Axes
 + Level 4.7 Armour
 - Level 1.3 Dodging
 - Level 1.4 Stealth
 - Level 1.7 Spellcasting
 + Level 11.8 Necromancy


You had 7 spell levels left.
You knew the following spells:

 Your Spells              Type           Power      Damage    Failure   Level
a - Animate Dead          Necr           41%        N/A       4%          4
X - Necrotise             Necr           100%       1d9       1%          1

Your spell library contained the following spells:

 Spells                   Type           Power      Damage    Failure   Level
 Vampiric Draining        Necr           41%        2d8       1%          3
 Kiss of Death            Conj/Necr      84%        2d11      5%          1
 Curse of Agony           Necr           41%        N/A       13%         5
 Freeze                   Ice            4%         1d3       52%         1
 Summon Small Mammal      Summ           4%         N/A       52%         1
 Call Canine Familiar     Summ           1%         N/A       87%         3
 Frozen Ramparts          Ice            2%         1d1       87%         3
 Hailstorm                Conj/Ice       1%         3d5       87%         3
 Summon Blazeheart Golem  Fire/Summ      1%         N/A       99%         4

Inventory:

Hand Weapons
 a - a +1 short sword of venom (weapon)
 e - a +3 battleaxe
 u - a +5 dagger
 A - a +0 war axe
Missiles
 E - a throwing net {=f}
Armour
 g - a +0 plate armour (worn)
 l - a +0 cloak (worn)
 r - a +0 helmet (worn)
Jewellery
 v - a ring of see invisible (right hand)
 C - a ring of protection from cold (left hand)
Wands
 s - a wand of flame (9)
 w - a wand of iceblast (1)
 y - a wand of mindburst (5)
Scrolls
 c - 2 scrolls of noise {unknown}
 k - a scroll of enchant armour
 m - 3 scrolls of teleportation {@r2}
 n - 2 scrolls of poison {unknown}
 o - 3 scrolls of enchant weapon {unknown}
 D - a scroll of revelation {unknown}
Potions
 b - 2 potions of magic
 d - a potion of might
 f - a potion of brilliance
 h - a potion of enlightenment
 i - a potion of invisibility
 j - 2 potions of curing {@q1}
 p - a potion of berserk rage {!q}
 q - a potion of haste {@q3}
 z - 2 potions of lignification
 B - 2 potions of mutation {unknown}

Dungeon Overview and Level Annotations

Branches:
Dungeon (9/15)             Temple (1/1) D:7            Lair (0/5) D:8
    Orc: D:9-12

Altars:
Ashenzari
Cheibriados
Dithmenos
Elyvilon
Fedhas
Hepliaklqana
Kikubaaqudgha
Makhleb
Nemelex Xobeh
Okawaru
Qazlal
Ru
Sif Muna
Trog
Uskayaw
Vehumet
Wu Jian
Xom
Yredelemnul
Zin
The Shining One
Beogh

Shops:
D:7 ?

Annotations:
D:2 1 runed translucent door, Crazy Yiuf
D:4 3 runed translucent doors, GreenGuy14's ghost, novice CoGl
D:6 2 transporters, cforsyth's ghost, novice MDNe

#y..y.####...#......
#.###)#......#......
#y.......#.###.####.
#####Z..#.#..#....y.....
#...y...#.#.....##y.....
###O##.##.#...#.##......
#.##....#...#.##......
#.#######.#.#.##......
#yyZO@.........#!.....
########.....####..... #
..# .....# .


You could see a two-headed ogre (ally target), 2 killer bees and a friendly
killer bee zombie.


Message History

Aiming: Mindburst
Press: ? - help, Shift-Dir - straight line, f/p - two-headed ogre
Aim: a two-headed ogre, wielding two +0 giant spiked clubs (heavily wounded, chance to affect: 47%)
The two-headed ogre resists with some effort.
Unknown command.
Unknown command.
Aiming: Mindburst
Press: ? - help, Shift-Dir - straight line, f/p - two-headed ogre
Aim: a two-headed ogre, wielding two +0 giant spiked clubs (heavily wounded, chance to affect: 47%)
The two-headed ogre resists with some effort.
You kill the killer bee!
Kikubaaqudgha accepts your kill.
The dead are flying!
The killer bee closely misses your killer bee zombie.
The two-headed ogre hits you with a +0 giant spiked club!
* * * LOW HITPOINT WARNING * * *
The two-headed ogre hits you with a +0 giant spiked club!
* * * LOW HITPOINT WARNING * * *
The killer bee stings your killer bee zombie.
Aiming: Mindburst
Press: ? - help, Shift-Dir - straight line, f/p - two-headed ogre
Aim: a two-headed ogre, wielding two +0 giant spiked clubs (heavily wounded, ally target, chance to affect: 47%)
The two-headed ogre's minds are blasted!
The killer bee closely misses your killer bee zombie.
Your killer bee zombie hits the two-headed ogre.
The killer bee misses your killer bee zombie.
The two-headed ogre barely misses you.
The two-headed ogre hits you with a +0 giant spiked club!!
You die...
Kikubaaqudgha rasps: You have failed me!
Welcome... death!

Skill      XL: |  1  2  3  4  5  6  7  8  9 10 |
---------------+-------------------------------+-----
Fighting       | 1 2 4 5 7 9 10 | 10.9
Necromancy     | 5 6 7 8 10 11 | 11.8
Axes           | 3 5 |  5.1
Armour         | 3 4 |  4.7
Dodging        | |  1.3
Stealth        | |  1.4
Spellcasting   | |  1.7

Action                     |  1- 3 |  4- 6 |  7- 9 | 10-12 || total
---------------------------+-------+-------+-------+-------++-------
  Melee: Unarmed           |    10 |       |       |       ||    10
         Club              |    14 |       |       |       ||    14
         Short sword       |     6 |    42 |   162 |   162 ||   372
         Dagger            |       |       |   108 |       ||   108
         War axe           |       |       |     7 |       ||     7
   Cast: Necrotise         |    62 |    48 |   215 |    30 ||   355
         Animate Dead      |       |       |     1 |     4 ||     5
  Evoke: Wand              |       |       |    22 |    12 ||    34
    Use: Scroll            |       |       |    11 |     1 ||    12
         Potion            |       |       |     3 |     2 ||     5
   Stab: Distracted        |       |       |       |     1 ||     1
 Armour: Chain mail        |    23 |    54 |   254 |       ||   331
         Robe              |    14 |       |       |       ||    14
         Plate armour      |       |       |   268 |   325 ||   593
  Dodge: Dodged            |    23 |    20 |   123 |    66 ||   232

Levels and vault maps discovered:
D:1:      dpeg_chamrin_arrival_tetris, layout_rooms, serial_forest,
          infiniplex_forest_straight_4, infiniplex_forest_corner_1,
          infiniplex_forest_lined_room_3, infiniplex_forest_clump_small,
          infiniplex_forest_clump_C
D:2:      minmay_inner_zag, layout_basic, minivault_25, roderic_st_hans_cross,
          uniq_jessica, uniq_crazy_yiuf_cottage
D:3:      layout_loops_ring, general_overflow_altar,
          nicolae_ashenzari_panopticon, uniq_sigmund, uniq_natasha, uniq_grinder
D:4:      layout_layer_cave, biasface_ghost_orc_armoury,
          kennysheep_generic_room_15
D:5:      layout_cave_pools, minmay_manual_monstrance, uniq_ijyb
D:6:      layout_basic, nicolae_overflow_hidden_temple, grunt_dithmenos_smoke,
          gammafunk_ghost_hive, minmay_hedge_maze, roderic_batcave,
          minmay_misc_feat_four_crosses, uniq_menkaure
D:7:      layout_basic, trog_book, temple_statues, serial_shops,
          kennysheep_mini, uniq_duvessa, uniq_maurice
D:8:      layout_gridville, lemuel_coloured_pillars_altar, lair_entry_dummy,
          minmay_tree_intersection
D:9:      layout_basic, nrook_pool_corridor, minivault_14, uniq_psyche
Temple:   hc_temple_tempest_star

Notes
Turn   | Place    | Note
-------+----------+-------------------------------------------
     0 | D:1      | cforsyth the Mountain Dwarf Necromancer began the quest for
                  | the Orb.
     0 | D:1      | Reached XP level 1. HP: 14/14 MP: 3/3
   293 | D:1      | Reached skill level 1 in Fighting
   368 | D:1      | Reached XP level 2. HP: 23/23 MP: 2/4
  1350 | D:2      | Noticed Jessica
  1358 | D:2      | Killed Jessica
  1359 | D:2      | Reached skill level 2 in Fighting
  1359 | D:2      | Reached skill level 5 in Necromancy
  1359 | D:2      | Reached XP level 3. HP: 29/30 MP: 0/5
  1410 | D:2      | Found a runed translucent door.
  1411 | D:2      | Noticed Crazy Yiuf
  1928 | D:2      | Reached XP level 4. HP: 37/37 MP: 3/6
  2598 | D:3      | Noticed Sigmund
  2669 | D:3      | Killed Sigmund
  2670 | D:3      | Reached skill level 4 in Fighting
  2670 | D:3      | Reached skill level 6 in Necromancy
  2670 | D:3      | Reached XP level 5. HP: 46/46 MP: 2/7
  2758 | D:3      | Noticed an ogre
  2949 | D:3      | Found a broken altar of Ashenzari.
  2974 | D:3      | Noticed Natasha
  2979 | D:3      | Killed Natasha
  2980 | D:3      | Reached XP level 6. HP: 49/53 MP: 3/8
  3131 | D:3      | Noticed Grinder
  3260 | D:3      | Killed Grinder
  3261 | D:3      | Reached skill level 5 in Fighting
  3261 | D:3      | Reached skill level 7 in Necromancy
  3579 | D:3      | Noticed Natasha
  3591 | D:3      | Killed Natasha
  3592 | D:3      | Reached XP level 7. HP: 30/61 MP: 3/9
  3864 | D:3      | Noticed Natasha
  3872 | D:3      | Killed Natasha
  4099 | D:3      | Found an ancient bone altar of Kikubaaqudgha.
  4266 | D:4      | Reached skill level 6 in Fighting
  5275 | D:4      | Found a runed translucent gate.
  5275 | D:4      | Noticed GreenGuy14's ghost (novice CoGl)
  5276 | D:4      | Found a runed translucent gate.
  5278 | D:4      | Found a runed translucent gate.
  5624 | D:4      | Found a roughly hewn altar of Beogh.
  5719 | D:5      | Entered Level 5 of the Dungeon
  5784 | D:5      | Reached skill level 8 in Necromancy
  6080 | D:5      | Reached skill level 7 in Fighting
  6080 | D:5      | Reached XP level 8. HP: 48/73 MP: 10/10
  6215 | D:5      | Noticed Ijyb
  6332 | D:5      | Killed Ijyb
  6474 | D:5      | Reached skill level 9 in Necromancy
  6717 | D:5      | Reached skill level 8 in Fighting
  7375 | D:6      | Noticed a queen bee
  7376 | D:6      | Noticed a hornet
  7406 | D:6      | Found a transporter.
  7411 | D:6      | Found a transporter.
  7413 | D:6      | Noticed cforsyth's ghost (novice MDNe)
  7498 | D:6      | Reached skill level 10 in Necromancy
  7964 | D:6      | Reached skill level 9 in Fighting
  7964 | D:6      | Reached XP level 9. HP: 78/83 MP: 6/11
  7975 | D:6      | Learned a level 4 spell: Animate Dead
  8032 | D:6      | Noticed Menkaure
  8064 | D:6      | Killed Menkaure
  8452 | D:6      | Found a sparkling altar of Nemelex Xobeh.
  8963 | D:6      | Found a shadowy altar of Dithmenos.
  9212 | D:6      | Reached skill level 1 in Axes
  9287 | D:6      | Reached skill level 1 in Armour
  9582 | D:6      | Found a hazy altar of Hepliaklqana.
  9717 | D:6      | Found a snail-covered altar of Cheibriados.
  9821 | D:7      | Reached skill level 11 in Necromancy
  9990 | D:7      | Reached skill level 10 in Fighting
 10120 | D:7      | Reached skill level 2 in Axes
 10221 | D:7      | Reached skill level 2 in Armour
 10371 | D:7      | Found Otacodi's Magic Scroll Boutique.
 10381 | D:7      | Bought a scroll of identify for 24 gold pieces
 10381 | D:7      | Bought a scroll of identify for 24 gold pieces
 10381 | D:7      | Bought a scroll of teleportation for 36 gold pieces
 10381 | D:7      | Bought a scroll of identify for 24 gold pieces
 10512 | D:3      | Became a worshipper of Kikubaaqudgha
 10790 | D:7      | HP: 6/78 [burnt (5)]
 11116 | D:7      | Noticed Duvessa
 11116 | D:7      | Noticed Dowan
 11139 | D:7      | Killed Duvessa
 11140 | D:7      | Reached skill level 3 in Axes
 11144 | D:6      | Found a blossoming altar of Fedhas.
 11387 | D:7      | Found a staircase to the Ecumenical Temple.
 11390 | D:7      | Noticed Maurice
 11408 | Temple   | Entered the Ecumenical Temple
 11484 | D:7      | Something stole a +5 dagger
 11489 | D:7      | Killed Maurice
 11490 | D:7      | Reached skill level 3 in Armour
 11716 | D:7      | Found a bloodstained altar of Trog.
 11718 | D:7      | Killed Dowan
 11719 | D:7      | Reached XP level 10. HP: 36/94 MP: 12/12
 12434 | D:8      | Identified the +2 leather armour "Bouteic" {Regen+}
 12502 | D:8      | Reached skill level 4 in Axes
 12710 | D:8      | Reached * piety under Kikubaaqudgha
 12710 | D:8      | Received a gift from Kikubaaqudgha
 13393 | D:8      | Reached skill level 4 in Armour
 13873 | D:8      | Found a shimmering altar of Xom.
 13906 | D:8      | Found a staircase to the Lair.
 14083 | D:9      | HP: 6/94 [killer bee (6)]
 14509 | D:9      | Noticed Psyche
 14520 | D:9      | Noticed a two-headed ogre
 14531 | D:9      | Killed Psyche
 14532 | D:9      | Reached skill level 5 in Axes
 14540 | D:9      | Your ally Psyche died
 14551 | D:9      | Slain by a two-headed ogre

Vanquished Creatures
  Maurice (D:7)
  Psyche (D:9)
  Grinder (D:3)
  Sigmund (D:3)
  Menkaure (D:6)
  Duvessa (D:7)
  A water moccasin (D:6)
  2 ice beasts
  3 black bears
  An orc warrior (D:5)
  A sky beast (D:8)
  2 ogres
  2 centaurs
  3 phantoms
  2 kobold brigands
  3 bullfrogs
  A gnoll sergeant (D:8)
  4 scorpions
  8 wights
  Dowan (D:7)
  10 killer bees
  4 bombardier beetles
  3 howler monkeys
  4 hounds
  A gnoll bouda (D:8)
  2 orc priests (D:6)
  Jessica (D:2)
  3 iguanas
  Ijyb (D:5)
  Natasha (thrice) (D:3)
  7 orc wizards
  8 gnolls
  5 adders
  4 white imps
  2 ufetubi (D:7)
  2 dart slugs
  23 orcs
  5 ball pythons
  5 endoplasms
  3 giant cockroaches
  6 hobgoblins
  3 quokkas
  12 bats
  3 frilled lizards
  13 goblins
  21 kobolds
  5 rats
199 creatures vanquished.

Vanquished Creatures (collateral kills)
  A black bear (D:5)
  A killer bee (D:8)
  2 orc priests (D:8)
  A sleepcap (D:6)
  2 orc wizards
  A gnoll (D:8)
  4 orcs
  A goblin (D:1)
  A ball python (D:4)
  A bat (D:3)
  2 kobolds (D:8)
17 creatures vanquished.

Vanquished Creatures (others)
  A human zombie (D:9)
  2 killer bee zombies (D:8)
  5 kobold zombies (D:8)
  6 orc zombies (D:7)
14 creatures vanquished.

Grand Total: 230 creatures vanquished

Table legend: (Time is in decaauts)
 A = Elapsed time spent in this place.
 B = Non-inter-level travel time spent in this place.
 C = Inter-level travel time spent in this place.
 D = Time resting spent in this place.
 E = Time spent auto-exploring this place.
 F = Levels seen in this place.
 G = Mean time per level.
                   A        B        C        D        E       F      G
               +--------+--------+--------+--------+--------+-----+--------+
         Total |  14581 |  13703 |    878 |   1764 |   9256 |  10 | 1458.1 |
       Dungeon |  14524 |  13646 |    878 |   1709 |   9256 |   9 | 1613.8 |
        Temple |     56 |     56 |      0 |     55 |      0 |   1 |   56.0 |
               +--------+--------+--------+--------+--------+-----+--------+

Top non-repeatable levels by time:
     D:6: 2788 daAuts
     D:4: 2053 daAuts
     D:7: 1845 daAuts
     D:8: 1797 daAuts
     D:2: 1724 daAuts
     D:5: 1609 daAuts
     D:3: 1480 daAuts
     D:1: 1086 daAuts
     D:9: 138 daAuts
  Temple: 56 daAuts

Table legend:
 A = Non-vault XP
 B = Vault XP
 C = Vault XP percentage of total XP
 D = Non-vault monster count
 E = Vault monster count
 F = Vault count percentage of total count
                 A         B        C        D         E       F
            +---------+---------+-------+---------+---------+-------
      Total |    5501 |    2252 |  29.0 |     184 |      32 |  14.8
            +---------+---------+-------+---------+---------+-------
        D:1 |      22 |       0 |   0.0 |      15 |       0 |   0.0
        D:2 |      54 |      46 |  46.0 |      24 |       7 |  22.6
        D:3 |     251 |     538 |  68.2 |      14 |       3 |  17.6
        D:4 |     459 |      44 |   8.7 |      23 |       2 |   8.0
        D:5 |     779 |     320 |  29.1 |      12 |       5 |  29.4
        D:6 |    1334 |     183 |  12.1 |      29 |      11 |  27.5
        D:7 |     945 |     781 |  45.2 |      27 |       3 |  10.0
        D:8 |    1305 |       0 |   0.0 |      34 |       0 |   0.0
        D:9 |     352 |     340 |  49.1 |       6 |       1 |  14.3
            +---------+---------+-------+---------+---------+-------
